Cogmind - Beta 14 @@@ ROGUE MODE // 2024.10.09 @ 23:40:11 Player: EgorIV Result: Destroyed by G-47 Trooper with Particle Gun Performance ------------- Evolutions (2) 1000 Regions Visited (4) 800 Robots Destroyed (15) 75 Value Destroyed (286) 286 Prototype IDs (1) 20 Alien Tech Used (0) 0 Bonus (-42) -42 TOTAL SCORE: 2139 Bonus ------- Friendly Fire -42 Cogmind --------- Core Integrity 0/550 Matter 200/300 Energy 124/125 System Corruption 0% Temperature Cool (9) Movement Core (100) Ox1 Location -8/Materials Parts ------- > --- POWER (1) -------- Light Ion Engine > --- PROPULSION (4) --- (None) > --- UTILITY (4) ------ Signal Interpreter Advanced Terrain Scan Processor > --- WEAPON (2) ------- High-powered Shotgun > --- INVENTORY (5) ---- Transmission Jammer Peak State ------------ > --- POWER ------------ Light Nuclear Core > --- PROPULSION ------- Aluminum Leg Aluminum Leg Aluminum Leg > --- UTILITY ---------- Signal Interpreter Advanced Terrain Scan Processor System Shield > --- WEAPON ----------- Minigun Katana > --- INVENTORY -------- Light Ion Engine Transmission Jammer Mining Laser [Rating: 20] Favorites ----------- Power Light Ion Engine Engine Light Ion Engine Power Core Light Nuclear Core Propulsion Improved Hover Unit Leg Aluminum Leg Wheel Compact Wheel Hover Unit Improved Hover Unit Flight Unit Flight Unit Utility Signal Interpreter Device Sensor Array Storage Small Storage Unit Processor Signal Interpreter Hackware System Shield Weapon EM Pulse Gun Energy Gun EM Pulse Gun Ballistic Gun Assault Rifle Launcher Grenade Launcher Special Weapon Mining Laser Slashing Weapon Katana Build | -11 -10 -9 -9 -8 ------- Run | Yrd Mat Mat Min Mat Slots Evolved 4 | . . 2 . 2 Power . | . . . . . Propulsion 2 | . . 1 . 1 Utility 2 | . . 1 . 1 Weapon . | . . . . . Parts Attached 50 | 8 8 5 16 13 Power 6 | 1 1 . 1 3 Engine 5 | 1 1 . 1 2 Core 1 | . . . . 1 Reactor . | . . . . . Propulsion 17 | 2 2 3 6 4 Treads . | . . . . . Leg 3 | . . . . 3 Wheel 3 | 2 . . . 1 Hover 7 | . 2 3 2 . Flight 4 | . . . 4 . Utility 8 | 1 3 1 1 2 Device 3 | . 1 1 1 . Storage 1 | 1 . . . . Processor 3 | . 2 . . 1 Hackware 1 | . . . . 1 Protection . | . . . . . Artifact . | . . . . . Weapon 19 | 4 2 1 8 4 Energy Gun 6 | 3 1 . 2 . Energy Cannon . | . . . . . Ballistic Gun 4 | 1 1 . . 2 Ballistic Cannon . | . . . . . Launcher 3 | . . . 3 . Special Weapon 5 | . . 1 3 1 Impact Weapon . | . . . . . Slashing Weapon 1 | . . . . 1 Piercing Weapon . | . . . . . Special Melee Weapon . | . . . . . Unidentified Prototypes 1 | . . . 1 . Parts Lost 20 | . . . 5 15 Power 3 | . . . . 3 Propulsion 8 | . . . 3 5 Utility 4 | . . . 1 3 Weapon 5 | . . . 1 4 Highest Loss Streak 9 | . . . 4 9 To Critical Strikes . | . . . . . Average Slot Usage (%) 90 | . 94 94 97 53 Engine 10 | . 14 11 11 4 Hover 23 | . 22 27 24 5 Flight 2 | . . . 7 3 Device 18 | . 9 21 21 6 Processor 11 | . 11 11 11 14 Energy Gun 10 | . 14 11 13 . Ballistic Gun 2 | . 13 1 . 3 Launcher 1 | . . . 4 2 Special Weapon 5 | . . 9 3 . Peak Build Rating 20 | 6 8 12 14 20 Average Rating 9 | 5 6 9 12 11 On Entrance 7 | . 6 7 12 12 Naked Turns . | . . . . . Heaviest Build 13 | 13 13 9 11 11 Greatest Support 30 | 26 26 21 21 30 Greatest Overweight (x) 3 | . . . 2 3 Average Overweight (x) . | . . . . . Largest Inventory Capacity 8 | 8 8 5 5 5 Average Capacity 5 | 7 5 5 5 5 Most Carried 5 | 5 5 5 5 5 Average Carried 4 | 2 3 4 4 2 Final Capacity 8 | 8 5 5 5 5 Final Carried 5 | 2 4 5 3 1 Class Distribution -------------------- 88% | Mutant 7% | Scavenger-Mutant 3% | Scavenger-Scout Dominant Class ---------------- Mutant | -10/Materials Mutant | -9/Materials Mutant | -9/Mines Mutant | -8/Materials Resources | -11 -10 -9 -9 -8 ----------- Run | Yrd Mat Mat Min Mat Matter Collected 669 | 176 43 62 257 131 Remotely . | . . . . . Salvage Created 374 | . 43 62 105 164 Parts 29 | . 6 7 8 8 Haulers Intercepted . | . . . . . Recyclers Shooed . | . . . . . Parts Field Recycled . | . . . . . Retrieved Matter . | . . . . . Parts Self-Destructed . | . . . . . Prevented . | . . . . . Kills | -11 -10 -9 -9 -8 ------- Run | Yrd Mat Mat Min Mat Combat Hostiles Destroyed 13 | . . 2 6 5 Guns 8 | . . 1 2 5 AOE 5 | . . 1 4 . Classes Destroyed 4 | . 1 2 1 . Watcher 2 | . 2 . . . Swarmer 8 | . . 1 4 3 Grunt 3 | . . . 1 2 Sentry 1 | . . 1 . . Best Kill Streak 5 | . 2 1 4 5 Combat Bots Only 5 | . . 1 4 5 Max Kills in Single Turn 1 | . 1 1 1 1 Gunslinging . | . . . . . Exploded 1 | . . 1 1 . Melee . | . . . . . Uniques/NPCs Destroyed 1 | . . . 1 . YI-UF0 (-9/Mines) Combat | -11 -10 -9 -9 -8 -------- Run | Yrd Mat Mat Min Mat Hostile Shots Fired 175 | . . 7 29 139 Missed 52 | . . 5 8 39 Damage Taken 1636 | . . 15 319 1302 Core 581 | . . . 20 561 Absorbed by Shields . | . . . . . Core Remaining (%) 98 | 100 100 . 95 . Volleys Fired 67 | . 10 8 27 22 Largest 2 | . 2 2 2 1 Hottest 145 | . 60 100 145 30 Shots Fired 85 | . 18 9 36 22 Gun 62 | . 18 4 19 21 Cannon . | . . . . . Launcher 6 | . . . 5 1 Special 17 | . . 5 12 . Kinetic 32 | . 10 1 . 21 Thermal 25 | . 8 5 12 . Explosive 6 | . . . 5 1 Electromagnetic 22 | . . 3 19 . Robot Hit Streak 10 | . 3 2 7 10 Robot Miss Streak 3 | . 3 1 3 2 Penetration Max . | . . . . . Secondary Targets . | . . . . . Shots Hit Robots 37 | . 8 3 10 16 Core Hits 29 | . 3 4 11 11 Critical Kills . | . . . . . Critical Parts Destroyed . | . . . . . Critical Strikes . | . . . . . Melee Attacks 4 | . . . . 4 Impact . | . . . . . Slashing 4 | . . . . 4 Piercing . | . . . . . Sneak Attacks . | . . . . . Combat Hostiles . | . . . . . Follow-up Attacks . | . . . . . Damage Inflicted 849 | . 95 97 262 395 Guns 541 | . 95 31 129 286 Cannons . | . . . . . Explosions 233 | . . 66 133 34 Melee 68 | . . . . 68 Ramming 7 | . . . . 7 Kinetic 350 | . 64 . . 286 Thermal 152 | . 31 66 55 . Explosive 112 | . . . 78 34 Electromagnetic 160 | . . 31 129 . Impact . | . . . . . Slashing 68 | . . . . 68 Piercing . | . . . . . Highest Corruption . | . . . . . Average Corruption . | . . . . . Corruption Purged . | . . . . . Corruption Blocked . | . . . . . Overload Shots . | . . . . . Overflow Damage 31 | . . . 21 10 Projectiles . | . . . . . Explosions 31 | . . . 21 10 Melee . | . . . . . Knockbacks . | . . . . . Impact . | . . . . . Kinetic . | . . . . . Secondary . | . . . . . Self-Inflicted Damage 58 | . . . 27 31 Shots 2 | . . . 1 1 Rammed 3 | . . . . 3 Targets Rammed 3 | . . . . 3 Kicked . | . . . . . Crushed . | . . . . . Highest Temperature 82 | . 13 23 82 20 Average Temperature 15 | . 5 13 19 6 Received Heat Transfer 441 | . . . 6 435 Siege Activations . | . . . . . Robots Corrupted . | . . . . . Combat Hostiles . | . . . . . Parts Fried . | . . . . . Impact Corruptions . | . . . . . Robots Melted . | . . . . . Combat Hostiles . | . . . . . Parts Melted . | . . . . . Heat Transferred 325 | . 75 100 150 . Parts Sabotaged . | . . . . . Parts Stolen . | . . . . . Parts Stripped . | . . . . . Power Chain Reactions 3 | . . 1 2 . Alert | -11 -10 -9 -9 -8 ------- Run | Yrd Mat Mat Min Mat Peak Influence 135 | . 29 110 135 90 Initial 37 | . . 11 37 . Average 26 | . 23 38 29 35 Maximum Alert Level . | . . . . . Low Security (%) 100 | 100 100 100 100 100 Level 1 . | . . . . . Level 2 . | . . . . . Level 3 . | . . . . . Level 4 . | . . . . . Level 5 . | . . . . . High Security . | . . . . . Max Security . | . . . . . Squads Dispatched 1 | . . . . 1 Investigation . | . . . . . Extermination . | . . . . . Reinforcement 1 | . . . . 1 Assault . | . . . . . Garrison . | . . . . . Intercept . | . . . . . Searches Triggered . | . . . . . Construction Impeded . | . . . . . Haulers Reinforced . | . . . . . Active Scanning Responses . | . . . . . Cargo Convoy Interrupts . | . . . . . Stealth | -11 -10 -9 -9 -8 --------- Run | Yrd Mat Mat Min Mat Distress Signals 2 | . . . . 2 Communications Jammed . | . . . . . Distress Signals . | . . . . . Times Spotted 36 | . 5 4 12 15 Peak Tracking Total 7 | . 3 3 4 7 Tactical Retreats 1 | . . 1 . . Traps | -11 -10 -9 -9 -8 ------- Run | Yrd Mat Mat Min Mat Traps Triggered . | . . . . . Indirectly . | . . . . . Trap Hack Attempts . | . . . . . Triggered . | . . . . . Disarmed . | . . . . . Reprogrammed . | . . . . . Reused . | . . . . . Traps Extracted . | . . . . . Installed . | . . . . . Triggered . | . . . . . Machines | -11 -10 -9 -9 -8 ---------- Run | Yrd Mat Mat Min Mat Machines Disabled . | . . . . . Max in Single Turn . | . . . . . Machines Repaired . | . . . . . Machines Dismantled . | . . . . . Machines Sabotaged . | . . . . . Overloaded Fab Kills . | . . . . . Hacking | -11 -10 -9 -9 -8 --------- Run | Yrd Mat Mat Min Mat Machines Accessed 7 | . 1 6 . . Terminals 6 | . 1 5 . . Fabricators . | . . . . . Repair Stations . | . . . . . Recycling Units 1 | . . 1 . . Scanalyzers . | . . . . . Garrison Access . | . . . . . Total Hacks 16 | . 1 15 . . Successful 11 | . . 11 . . Failed 5 | . 1 4 . . Catastrophic 2 | . 1 1 . . Database Lockouts . | . . . . . Manual 2 | . 1 1 . . Terminals 15 | . 1 14 . . Fabricators . | . . . . . Repair Stations . | . . . . . Recycling Units 1 | . . 1 . . Scanalyzers . | . . . . . Garrison Access . | . . . . . Terminal Hacks 10 | . . 10 . . Record 3 | . . 3 . . Robot Analysis 1 | . . 1 . . Emergency Access Points 1 | . . 1 . . Locate Traps 2 | . . 2 . . Dispatch Records 1 | . . 1 . . Maintenance Status 1 | . . 1 . . Patrol Status 1 | . . 1 . . Fabricator Hacks . | . . . . . Repair Station Hacks . | . . . . . Recycling Unit Hacks 1 | . . 1 . . Report Inventory 1 | . . 1 . . Scanalyzer . | . . . . . Garrison Access Hacks . | . . . . . Unauthorized Hacks . | . . . . . Terminals . | . . . . . Fabricators . | . . . . . Repair Stations . | . . . . . Recycling Units . | . . . . . Scanalyzers . | . . . . . Garrison Access . | . . . . . Data Cores Recovered . | . . . . . Used . | . . . . . Hacking Detections 4 | . 1 3 . . Full Trace Events . | . . . . . Feedback Events . | . . . . . Feedback Blocked . | . . . . . Robot Schematics Acquired . | . . . . . Robots Built . | . . . . . Authchips . | . . . . . Time . | . . . . . Total Robot Build Rating . | . . . . . Part Schematics Acquired . | . . . . . Parts Built . | . . . . . Authchips . | . . . . . Time . | . . . . . Total Part Build Rating . | . . . . . Parts Repaired . | . . . . . Time . | . . . . . Parts Recycled . | . . . . . Recycled Matter . | . . . . . Retrieved Matter . | . . . . . Retrieved Components . | . . . . . Parts Scanalyzed . | . . . . . Part Schematics Acquired . | . . . . . Parts Damaged . | . . . . . Bothacking | -11 -10 -9 -9 -8 ------------ Run | Yrd Mat Mat Min Mat Used RIF Installer . | . . . . . Robots Hacked . | . . . . . Non-combat . | . . . . . Combat . | . . . . . Robot Hacks Applied . | . . . . . Relay Couplers Released . | . . . . . Fabnet Peak Effective % . | . . . . . Robots Rewired . | . . . . . Allies Hacked . | . . . . . Hacks Repelled . | . . . . . Allies | -11 -10 -9 -9 -8 -------- Run | Yrd Mat Mat Min Mat Total Allies . | . . . . . Largest Group . | . . . . . Highest-Rated Group . | . . . . . Highest-Rated Ally . | . . . . . Total Orders . | . . . . . Ally Attacks . | . . . . . Total Damage . | . . . . . Kills . | . . . . . Allies Corrupted . | . . . . . Allies Melted . | . . . . . Intel | -11 -10 -9 -9 -8 ------- Run | Yrd Mat Mat Min Mat Robot Analysis Total 1 | . . 1 . . Derelict Logs Recovered 2 | . . . 2 . Drone Launches . | . . . . . Drone Recoveries . | . . . . . Exploration | -11 -10 -9 -9 -8 ------------- Run | Yrd Mat Mat Min Mat Turns Passed 3361 | 680 369 1125 896 291 Spaces Moved 1904 | 115 169 555 895 170 Core 63 | 27 . . . 36 Treads . | . . . . . Legs 55 | . . . . 55 Wheels 154 | 88 53 . . 13 Hover 1561 | . 116 555 824 66 Flight 71 | . . . 71 . Fastest Speed 34 | 50 56 52 34 50 Average Speed 61 | 80 67 54 58 84 Slowest Speed 200 | 90 90 56 200 200 Overloaded Moves . | . . . . . Propulsion Burnouts . | . . . . . Robots Hopped . | . . . . . Cave-ins Triggered . | . . . . . Exploration Rate (%) 38 | 15 31 28 98 21 Regions Visited 4 Branch Regions 1 Pre-discovered Areas 2 | . . . 2 . Known Exits Taken 3 | . 1 1 1 . Unknown Exits Taken 1 | 1 . . . . Scrap Searched 1 | . . . 1 . Spaces Dug 8 | . . 5 3 . Terrain Destroyed 52 | . . 7 42 3 Melee . | . . . . . Projectile 10 | . . 5 5 . AOE 42 | . . 2 37 3 Terrain Rammed . | . . . . . Walls Destroyed . | . . . . . Machines Disabled . | . . . . . Actions | -11 -10 -9 -9 -8 --------- Run | Yrd Mat Mat Min Mat Total 3969 | 700 406 1360 1209 294 Wait 1890 | 572 207 785 256 70 Move 1900 | 114 168 554 894 170 Hop . | . . . . . Pick Up 34 | 5 8 4 6 11 Fast Attach 8 | 3 . 1 4 . Attach 27 | 4 5 1 4 13 Detach 2 | 1 1 . . . Swap 15 | 1 3 3 8 . Drop 19 | . 4 4 10 1 Fire 67 | . 10 8 27 22 Melee 4 | . . . . 4 Ram 3 | . . . . 3 Kick . | . . . . . Crush . | . . . . . Escape Stasis . | . . . . . Rewire . | . . . . . Trap . | . . . . . Miscellaneous . | . . . . . Route ------- -11/Scrapyard -10/Materials -9/Materials -9/Mines (discovered 2 exits: *Mat x2) -8/Materials History --------- Turn | Location | Event 17 | -11/Scrapyard | Discovered new exit (range 14) 681 | -11/Scrapyard | Entered Materials 682 | -10/Materials | Build established: Mutant 1041 | -10/Materials | Discovered new exit (range 15) 1050 | -10/Materials | Identified exit to Materials 1050 | -10/Materials | Entered another Materials area 1050 | -9/Materials | Evolved 2 slots: Propulsion x1, Utility x1 2071 | -9/Materials | Discovered new exit (range 6) 2169 | -9/Materials | Identified exit to Mines 2175 | -9/Materials | Entered Mines 2178 | -9/Mines | Learned location of Zion (-6) 2181 | -9/Mines | YI-UF0 nonchalantly dropped a Grenade Launcher on the ground 2490 | -9/Mines | Discovered new exit (range 14) 2544 | -9/Mines | Discovered new exit (range 6) 2547 | -9/Mines | Identified exit to Materials 2645 | -9/Mines | Learned Materials stockpile data 2721 | -9/Mines | Excavation squad dispatched 2721 | -9/Mines | A large section of the Mines collapsed 2969 | -9/Mines | Learned location of Storage (-7) 3000 | -9/Mines | Destroyed YI-UF0 3030 | -9/Mines | Lost 4 parts (2n1u1w) 3071 | -9/Mines | Entered Materials 3071 | -8/Materials | Evolved 2 slots: Propulsion x1, Utility x1 3232 | -8/Materials | Core integrity fell below 50% 3251 | -8/Materials | Lost 9 parts (2p4n2u1w) 3337 | -8/Materials | Core integrity fell below 20% 3362 | -8/Materials | Destroyed by G-47 Trooper with Particle Gun Last Messages --------------- U-05 Engineer lays Concrete. Critical hit (Burn: +37). U-05 Engineer builds a Door. Aluminum Leg destroyed. U-05 Engineer lays Concrete. Katana destroyed. Mining Laser destroyed. Dropped Aluminum Leg. Slammed into G-50 Soldier. Slammed into Y-45 Defender. System Shield destroyed. Slammed into G-47 Trooper. Adv. Terrain Scan Processor broken. Destabilizing: Short circuit. U-05 Engineer lays Concrete. Y-45 Defender destroyed. U-05 Engineer lays Concrete. Acquired Hpw. Shotgun. M-13 Machinist repairs Imp. Ion Engine. Critical hit (Burn: +37). Map ----- +----------------------------------------------------+ | ?????????????????????????????????????????????????? | | ?????????????????????????????????????????????????? | | ?????????????????????????????????????????????????? | | ?????????????????????????????????????????????????? | | ?????????????????????????????????????????????????? | | ?????????????????????????????????????????????????? | | ?????????????????????????????????????????????????? | | ?????????????????????????????????????????????????? | | ?????????????????????????????????????????????????? | | ?????????????????????????????????????????????????? | | ?????????????????????????????????????????????????? | | ?????????????????????????????????????????????????? | | ?????????????????????????????????????????????????? | | ?????????????????????????????????????????????????? | | ??????????????????????????????????????????######## | | ??????????????????????????????????????????# | | ??????????????????????????????????????????# | | ????????????????????????############? ?"??# | | ????????????????????????# #? """?# """ | | ?????????????!??????????# #??"""?# """ | | ????????????????????????# g #??"""?#* """ | | ????????????????????????#g""" """ #?? ?# | | ????????????????????????# """ """ ####+### | | ????????????????????????# """ """ + | | ????????????????????????# g # [% | | ????????????????????????#@""" """ + [ | | ????????????????????????# """ """ # | | ????????????????????????# """ """ # | | ????????????????????????# l ####/########"" | | ????????????????????????# """ """ ## %= #?#! | | ????????????????????????# """ """ /## #?# "" | | ????????????????????????# """ """ ## """ ### """ | | ????????????????????????# ## """ ### S" | | ????????????????????????####?########=""" #?#! | | ????????????????????????????????????# #?# | | ????????????????????????????????????# """ #?###### | | ???????????????????????????????????## """ ######## | | ????????????????????????????????????# """ # ! ![ | | ????????????????????????????????????# # | | ????????????????????????????????????# # ""T"" | | ????????????????????????????????????# ! # """""% | | ????????????????????????????????????####### * | | ?????????????????????????????????????##?#?######## | | ???????????????????????????????????#?#?##?# # | | ?????????????????????????????????????##?#?# # | | ???????????????????????????????????????##?# # | | ?????????????????????????????????#?#??#??## + | | ???????????????????????????????????????#?## # | | ????????????????????????????????????##?##?# # | | ?????????????????????????????????????#?#?## # | +----------------------------------------------------+ Best States ------------- Heat Dissipation 31 Energy Generation 16 Energy Capacity 290 Matter Stores 263 Matter Capacity 300 Sight Range 18 Robot Scan Range 14 Terrain Scan Range 16 Terrain Scan Density 210 Evasion (%) 63 Defensive Hacking 10 Item Schematics ----------------- None Robot Schematics ------------------ None Fabricated ------------ Nothing Alien Tech Used ----------------- None Achievements -------------- None Challenges ------------ None Game ------ Seed PlasmaDisruptorTrident Manual? 0 Play Time 00:42:35 Cumulative 23.7 hours Start 2024.10.09 @ 22:55:58 End 2024.10.09 @ 23:40:11 Sessions 1 Manual Loads 0 Difficulty Rogue Special Mode None Game No. 9 Rogue 2 Adventurer 7 Explorer 0 Win Type - Total 0 Types 0/0/0/0/0/0/0/0/0 Lore% 8 Gallery% 21 Achievement% 22 Wizard Run 0 Options --------- Layout 1 ASCII 0 Keyboard 0 Movement Mouse Keybinds 0 Fullscreen 1 Font 32/SmallcapsGlow Map View 50x40 Zoom Use 0% Tactical HUD 0 Map Filters NONE Filters NONE Steam 0 RUN: ad25ab94-2f5c-4424-b56b-e4ea0d70d24c